 Dungeon Crawl Stone Soup version 0.30-a0-728-gc68057be0a (webtiles) character file.

Game seed: 14087544590937483312

45 Crownlay the Chiller (level 3, 0/26 HPs)
             Began as a Gnoll Ice Elementalist on Jan 31, 2023.
             Killed by nerve-wracking pain
             ... invoked by an orc priest
              (11 damage)
             ... on level 3 of the Dungeon.
             The game lasted 00:02:18 (1147 turns).

Crownlay the Chiller (Gnoll Ice Elementalist)       Turns: 1147, Time: 00:02:18

Health: 0/26       AC: 11    Str:  7    XL:     3   Next: 64%
Magic:  3/9        EV: 13    Int: 22    God:
Gold:   82         SH:  5    Dex: 12    Spells: 5/12 levels left

rFire   . . .      SeeInvis .    g - +0 short sword (venom)
rCold   . . .      Faith    .    f - +2 buckler
rNeg    . . .      Spirit   .    a - +0 robe
rPois   .          Reflect  .    (no helmet)
rElec   .          Harm     .    (no cloak)
rCorr   .          Rampage  .    c - +0 pair of gloves
Will    .....                    (no boots)
Stlth   ++                       (no amulet)
HPRegen 0.24/turn                o - +6 ring of intelligence
MPRegen 0.11/turn                (no ring)

@: ice-armoured, freezing walls
A: fangs 1, strong nose, distributed training
a: no special abilities


You were on level 3 of the Dungeon.
You visited 1 branch of the dungeon, and saw 3 of its levels.

You collected 82 gold pieces.

Inventory:

Hand Weapons
 g - a +0 short sword of venom (weapon)
 l - a +0 trident of pain
Armour
 a - a +0 robe (worn)
 c - a +0 pair of gloves (worn)
 f - a +2 buckler (worn)
Jewellery
 o - a +6 ring of intelligence (left hand)
Scrolls
 h - a scroll of fog
 i - a scroll of brand weapon {unknown}
 m - a scroll of immolation {unknown}
 n - a scroll of fear {unknown}
 q - a scroll of amnesia {unknown}
Potions
 b - a potion of magic
 d - 3 potions of curing
 e - a potion of mutation {unknown}
 j - a potion of might {unknown}
 k - 2 potions of brilliance
 p - a potion of heal wounds {unknown}
 r - 2 potions of attraction


   Skills:
 + Level 1.0 Fighting
 + Level 1.0 Short Blades
 + Level 1.0 Long Blades
 + Level 1.0 Axes
 + Level 1.0 Maces & Flails
 + Level 1.0 Polearms
 + Level 1.0 Staves
 + Level 1.0 Ranged Weapons
 + Level 1.0 Throwing
 + Level 1.0 Armour
 + Level 4.6 Dodging
 + Level 4.2 Stealth
 + Level 1.0 Shields
 + Level 1.0 Unarmed Combat
 + Level 5.0 Spellcasting
 + Level 0.7 Conjurations
 + Level 0.7 Hexes
 + Level 0.7 Summonings
 + Level 0.7 Necromancy
 + Level 0.7 Translocations
 + Level 0.7 Transmutations
 + Level 0.7 Fire Magic
 + Level 7.1 Ice Magic
 + Level 0.7 Air Magic
 + Level 0.7 Earth Magic
 + Level 0.7 Poison Magic
 + Level 1.0 Invocations
 + Level 1.0 Evocations


You had 5 spell levels left.
You knew the following spells:

 Your Spells              Type           Power      Damage    Failure   Level
a - Freeze                Ice            100%       1d10      1%          1
b - Frozen Ramparts       Ice            72%        1d11      2%          3
c - Ozocubu's Armour      Ice            36%        N/A       2%          3

Your spell library contained the following spells:

 Spells                   Type           Power      Damage    Failure   Level
 Summon Ice Beast         Ice/Summ       22%        N/A       26%         4


Dungeon Overview and Level Annotations

Branches:
Dungeon (3/15)

Altars:


Innate Abilities, Weirdness & Mutations

You have very sharp teeth.
Your uncanny sense of smell can sniff out nearby items.
Your experience applies equally to all skills.


Message History

You kill the orc!
Your Fighting skill increases to level 1!
Your Short Blades skill increases to level 1!
Your Long Blades skill increases to level 1!
Your Axes skill increases to level 1!
Your Maces & Flails skill increases to level 1!
Your Polearms skill increases to level 1!
Your Staves skill increases to level 1!
Your Ranged Weapons skill increases to level 1!
Your Throwing skill increases to level 1!
Your Armour skill increases to level 1!
Your Shields skill increases to level 1!
Your Unarmed Combat skill increases to level 1!
Your Evocations skill increases to level 1!
An orc priest comes into view. It is wielding a +0 whip.
Things that are here:
a +0 trident of pain; a +0 ring mail; an orc corpse
l - a +0 trident of pain An orc comes into view.
It is wielding a +0 club.
The orc shouts!
The orc priest hits you with a +0 whip.
You hit the orc priest.
The orc priest is poisoned.
The orc priest is lightly wounded.
The orc priest mumbles some strange prayers to Beogh against you.
Pain shoots through your body!
Ouch! That really hurt!
You are too injured to fight recklessly!
You are too injured to fight recklessly!
Casting: Freeze (safe; 1% risk of failure)
Confirm with . or Enter, or press ? or * to list all spells.
Casting: Frozen Ramparts (dangerous; 2% risk of failure)
Press: ? - help, Dir - look around, f - activate The walls around you are covered in ice.
The wall freezes the orc priest!
The wall freezes the orc.
Casting: Frozen Ramparts (dangerous; 2% risk of failure)
Confirm with . or Enter, or press ? or * to list all spells.
A film of ice covers your body!
The wall freezes the orc priest.
The orc priest invokes the aid of Beogh against you.
Pain shoots through your body!
You die...

#.##..###..
.####......##.#
.....##.....#.#
#.#..........# ∆
#.###..#.....# #.#
#.##.....### ∆
#..##.##..##...###
#####o#..###.####...##
#....o@[...#..#####..##
#.....>....##....#..)..
∆#......?...#####.......
#..........# ###.....
.......$...... #.....
##..........### )......
#..........# ###.....
############ #.....
#.....


You could see an orc priest (poisoned) and an orc.

Vanquished Creatures
  An adder (D:2)
  A worm (D:2)
  2 dart slugs
  An orc (D:3)
  4 ball pythons
  2 endoplasms (D:2)
  2 giant cockroaches
  6 goblins
  A hobgoblin (D:1)
  3 bats
  2 frilled lizards
  2 kobolds (D:1)
  A rat (D:1)
28 creatures vanquished.

Notes
Turn   | Place    | Note
-------+----------+-------------------------------------------
     0 | D:1      | Crownlay the Gnoll Ice Elementalist began the quest for the
                  | Orb.
     0 | D:1      | Reached XP level 1. HP: 13/13 MP: 6/6
   247 | D:1      | Reached XP level 2. HP: 19/19 MP: 3/7
   788 | D:2      | Reached skill level 5 in Spellcasting
   788 | D:2      | Reached XP level 3. HP: 17/25 MP: 7/9
   914 | D:2      | Reached skill level 1 in Invocations
  1090 | D:2      | Learned a level 3 spell: Frozen Ramparts
  1094 | D:2      | Learned a level 3 spell: Ozocubu's Armour
  1142 | D:3      | Reached skill level 1 in Fighting
  1142 | D:3      | Reached skill level 1 in Short Blades
  1142 | D:3      | Reached skill level 1 in Long Blades
  1142 | D:3      | Reached skill level 1 in Axes
  1142 | D:3      | Reached skill level 1 in Maces & Flails
  1142 | D:3      | Reached skill level 1 in Polearms
  1142 | D:3      | Reached skill level 1 in Staves
  1142 | D:3      | Reached skill level 1 in Ranged Weapons
  1142 | D:3      | Reached skill level 1 in Throwing
  1142 | D:3      | Reached skill level 1 in Armour
  1142 | D:3      | Reached skill level 1 in Shields
  1142 | D:3      | Reached skill level 1 in Unarmed Combat
  1142 | D:3      | Reached skill level 1 in Evocations
  1147 | D:3      | Killed from afar by an orc priest

Illustrated notes

Levels and vault maps discovered:
D:1:      lemuel_arrival_funnel, layout_basic
D:2:      layout_rooms
D:3:      layout_rooms, shapermc_ecumenical_altar_acropolis

Skill      XL: |  1  2  3 |
---------------+----------+-----
Spellcasting   | 5 |  5.0
Invocations    | 1 |  1.0
Fighting       | 1 |  1.0
Short Blades   | 1 |  1.0
Long Blades    | 1 |  1.0
Axes           | 1 |  1.0
Maces & Flails | 1 |  1.0
Polearms       | 1 |  1.0
Staves         | 1 |  1.0
Ranged Weapons | 1 |  1.0
Throwing       | 1 |  1.0
Armour         | 1 |  1.0
Shields        | 1 |  1.0
Unarmed Combat | 1 |  1.0
Evocations     | 1 |  1.0
Dodging        | |  4.6
Stealth        | |  4.2
Conjurations   | |  0.7
Hexes          | |  0.7
Summonings     | |  0.7
Necromancy     | |  0.7
Translocations | |  0.7
Transmutations | |  0.7
Fire Magic     | |  0.7
Ice Magic      | |  7.1
Air Magic      | |  0.7
Earth Magic    | |  0.7
Poison Magic   | |  0.7

Action                     || total
---------------------------++-------
  Melee: Unarmed           ||     2
         Short sword       ||    48
         Bite              ||     4
   Cast: Freeze            ||    10
         Ozocubu's Armour  ||     1
         Frozen Ramparts   ||     1
    Use: Scroll            ||     4
   Stab: Sleeping          ||    10
 Armour: Robe              ||     6
  Dodge: Dodged            ||    18
  Block: Buckler           ||     5

Table legend: (Time is in decaauts)
 A = Elapsed time spent in this place.
 B = Non-inter-level travel time spent in this place.
 C = Inter-level travel time spent in this place.
 D = Time resting spent in this place.
 E = Time spent auto-exploring this place.
 F = Levels seen in this place.
 G = Mean time per level.
                   A        B        C        D        E       F      G
               +--------+--------+--------+--------+--------+-----+--------+
         Total |   1146 |   1129 |     17 |      0 |    880 |   3 |  382.0 |
       Dungeon |   1146 |   1129 |     17 |      0 |    880 |   3 |  382.0 |
               +--------+--------+--------+--------+--------+-----+--------+

Top non-repeatable levels by time:
     D:1: 641 daAuts
     D:2: 463 daAuts
     D:3: 40 daAuts
